 Dungeon Crawl Stone Soup version 0.19-a0-981-gaae9137 (webtiles) character file.

54 inmateoo the Skirmisher (level 3, -4/33 HPs)
             Began as a Draconian Berserker on July 14, 2016.
             Was a Follower of Trog.
             Slain by a gnoll
             ... wielding a +0 club
              (8 damage)
             ... on level 2 of the Dungeon.
             The game lasted 00:02:39 (724 turns).

inmateoo the Skirmisher (Draconian Berserker)        Turns: 724, Time: 00:02:40

Health: -4/33      AC:  5    Str: 20    XL:     3   Next: 66%
Magic:  0/3        EV: 12    Int:  7    God:    Trog [*.....]
Gold:   72         SH:  0    Dex: 10    Spells: 0 memorised, 2 levels left

rFire  . . .     SeeInvis .     a - +0 hand axe
rCold  . . .     Gourm    .     (armour unavailable)
rNeg   . . .     Faith    .     (no shield)
rPois  .         Spirit   +     (helmet restricted)
rElec  .         Dismiss  .     (no cloak)
rCorr  .         Reflect  .     (no gloves)
SustAt .         Harm     .     (no boots)
MR     ++...                    d - amulet of guardian spirit
Stlth  +.........               (no ring)
                                (no ring)

@: exhausted, regenerating, slowed, very slow, very resistant to hostile
enchantments, very unstealthy
A: unfitting armour, cold-blooded, AC +5
a: Berserk, Burn Spellbooks, Renounce Religion


You were on level 2 of the Dungeon.
You worshipped Trog.
Trog was aware of your devotion.
You were near starving.

You visited 1 branch of the dungeon, and saw 2 of its levels.

You collected 72 gold pieces.

Inventory:

Hand Weapons
 a - a +0 hand axe (weapon)
Jewellery
 d - an amulet of guardian spirit (around neck)
 i - an uncursed ring of flight
Scrolls
 c - a scroll of noise {unknown}
 e - 2 scrolls of immolation {unknown}
 g - a scroll of enchant weapon {unknown}
 j - a scroll of identify {unknown}
 k - a scroll of random uselessness {unknown}
Comestibles
 b - 2 bread rations
 f - 2 meat rations
 h - a beef jerky
 l - a chunk of flesh


   Skills:
 + Level 4.1 Fighting
 * Level 3.8 Axes
 + Level 2.9 Dodging


You had 2 spell levels left.
You didn't know any spells.

Dungeon Overview and Level Annotations

Branches:
Dungeon (2/15)

Altars:
Vehumet


Innate Abilities, Weirdness & Mutations

Your plain brown scales are hard. (AC +5)
Your body does not fit into most forms of armour.
You are cold-blooded and may be slowed by cold attacks.


Message History

You hit the gnoll.
The gnoll is moderately wounded.
The gnoll barely misses you.
You hit the gnoll but do no damage.
The gnoll is moderately wounded.
The gnoll hits you with a spear! x2
* * * LOW HITPOINT WARNING * * *
You are too injured to fight recklessly!
Unknown command.
You aren't carrying any potions.
Unknown command.
You closely miss the gnoll.
Your tail-slap misses the gnoll.
The gnoll is moderately wounded.
The gnoll closely misses you. The gnoll hits you with a spear.
* * * LOW HITPOINT WARNING * * *
Unknown command.
You hit the gnoll. You tail-slap the gnoll.
The gnoll is heavily wounded.
You completely miss the gnoll. The gnoll hits you with a club!
You die...

#.g###.###.##
...#...#...#
..._.....# #.#
#...# ..# ....
##.###..#
#..#.).#...#
#..........#
#####lg##..#
#.g@..##
.##########..####
.............#
############.# #
#####.#
....#####.....##
...............#
....#####.####.#
. #...# #.#


You could see 2 gnolls and a giant newt.

Vanquished Creatures
  An adder (D:2)
  A gnoll (D:2)
  2 worms (D:2)
  A dart slug (D:1)
  3 giant geckos
  A ball python (D:1)
  4 bats
  A giant cockroach (D:2)
  3 goblins (D:1)
  2 hobgoblins
  3 kobolds (D:1)
  A quokka (D:2)
  A rat (D:2)
24 creatures vanquished.

Notes
Turn   | Place    | Note
-------+----------+-------------------------------------------
     0 | D:1      | inmateoo the Draconian Berserker began the quest for the Orb.
     0 | D:1      | Reached XP level 1. HP: 19/19 MP: 1/1
    54 | D:1      | Reached XP level 2. HP: 26/26 MP: 0/2
   259 | D:2      | HP: 1/27 [adder (4)]
   351 | D:2      | Reached XP level 3. HP: 15/33 MP: 3/3
   601 | D:2      | Reached skill level 4 in Fighting
   672 | D:2      | Found a radiant altar of Vehumet.
   707 | D:2      | Reached ** piety under Trog
   724 | D:2      | Slain by a gnoll

Vault maps used:
D:1:      minmay_arrival_open_corners, minmay_misc_feat_nine_boxes
D:2:      vehumet_crystals, nemelex_xobeh_ov_fountains_minmay,
          makhleb_heckhound_becter, uniq_terence, uniq_natasha

Skill      XL: |  1  2  3 |
---------------+----------+-----
Fighting       | 4 |  4.1
Axes           | |  3.8
Dodging        | |  2.9

Action                   || total
-------------------------++-------
Melee: Hand axe          ||    90
       Tailslap          ||     9
Invok: Berserk           ||     3
       Trog's Hand       ||     1
  Use: Potion            ||     3
  Eat: Chunk             ||     1
Armor: Skin              ||    34
Dodge: Dodged            ||    79
